 Dungeon Crawl Stone Soup version 0.17-a0-2027-gcac42c4 (webtiles) character file.

15 Alipheese the Insei (level 2, -1/30 HPs)
             Began as a Naga Monk on Oct 10, 2015.
             Slain by a rat (2 damage)
             ... on level 1 of the Dungeon.
             The game lasted 00:01:03 (422 turns).

Alipheese the Insei (Naga Monk)                      Turns: 422, Time: 00:01:04

Health: -1/30      AC:  1    Str: 13    XL:     2   Next: 50%
Magic:  2/2        EV: 10    Int: 10    God:
Gold:   6          SH:  0    Dex: 13    Spells: 0 memorised, 1 level left

rFire  . . .     SeeInvis +       - Unarmed
rCold  . . .     Clarity  .     a - +0 robe
rNeg   . . .     SustAt   .     (no shield)
rPois  +         Gourm    .     (no helmet)
rElec  .         Spirit   .     (no cloak)
rCorr  .         Warding  .     (no gloves)
rMut   .         Stasis   .     (no barding)
MR     .....                    (no amulet)
Stlth  ++........               (no ring)
                                (no ring)

@: very slow, not resistant to hostile enchantments, unstealthy
A: see invisible, deformed body, poison resistance, slowness 2, slow metabolism
1, spit poison 2, AC +0
a: Spit Poison


You were on level 1 of the Dungeon.
You were not hungry.

You visited 1 branch of the dungeon, and saw 1 of its levels.

You collected 6 gold pieces.


Innate Abilities, Weirdness & Mutations

You cannot wear boots.
Your serpentine skin is tough (AC +0).
You have supernaturally acute eyesight.
Armour fits poorly on your strangely shaped body.
Your system is resistant to poisons.
You cover ground very slowly.
You have a slow metabolism.
You can spit poison.

Inventory:

Armour
 a - a +0 robe (worn)
Scrolls
 c - a scroll of random uselessness {unknown}
Comestibles
 b - a bread ration
 d - a chunk of flesh


You had one spell level left.
You didn't know any spells.


   Skills:
 + Level 3.8 Fighting
 - Level 2.4 Dodging
 - Level 3.0 Stealth
 - Level 4.0 Unarmed Combat

Dungeon Overview and Level Annotations

Branches:
Dungeon (1/15)

Altars:

Vault maps used:
D:1:      dpeg_arrival_renting
You       could see a rat.


Message History

You take 1 damage, and have 22/28 hp.
You hit the ooze.
The ooze is lightly wounded.
You hit the ooze.
The ooze is moderately wounded.
You have got your breath back.
The ooze hits you. The rat bites you.
You take 6 damage, and have 16/28 hp.
MASSIVE DAMAGE!!
You hit the ooze but do no damage.
The ooze is moderately wounded.
The ooze hits you. The rat barely misses you.
You hit the ooze.
The ooze is heavily wounded.
The ooze hits you.
* * * LOW HITPOINT WARNING * * *
You take 5 damage, and have 11/28 hp.
You barely miss the ooze.
The ooze is heavily wounded.
The rat bites you.
* * * LOW HITPOINT WARNING * * *
The ooze hits you.
* * * LOW HITPOINT WARNING * * *
You take 4 damage, and have 7/28 hp.
You aren't carrying any potions.
The rat bites you.
* * * LOW HITPOINT WARNING * * *
The ooze hits you.
* * * LOW HITPOINT WARNING * * *
You take 4 damage, and have 3/28 hp.
Unknown command.
Unknown command.
Use which ability?
Press: ? - help, Shift-Dir - straight line, f/p - ooze
Aim: an ooze (heavily wounded)
The splash of poison hits the ooze.
The ooze is severely wounded.
You feel slightly more hungry. The ooze barely misses you. The rat bites you.
* * * LOW HITPOINT WARNING * * *
You take 2 damage, and have 1/28 hp.
Unknown command.
Unknown command.
You hit the ooze.
You kill the ooze!
The rat bites you but does no damage. The rat misses you.
Unknown command.
You barely miss the rat.
You have got your breath back.
The rat bites you.
You die...

Action                   || total
-------------------------++-------
Melee: Unarmed           ||    44
 Abil: Spit Poison       ||     4
 Stab: Sleeping          ||     2

Notes
Turn   | Place    | Note
--------------------------------------------------------------
     0 | D:1      | Alipheese the Naga Monk began the quest for the Orb.
     0 | D:1      | Reached XP level 1. HP: 21/21 MP: 1/1
   318 | D:1      | Reached XP level 2. HP: 22/28 MP: 2/2
   419 | D:1      | HP: 1/28 [rat (2)]
   422 | D:1      | Slain by a rat

Table legend:
 A = Turns spent in this place as a percentage of turns spent in the entire game.
 B = Non-inter-level travel turns spent in this place as a percentage of non-inter-level travel turns spent in the entire game.
 C = Inter-level travel turns spent in this place as a percentage of turns spent in this place.
 D = Turns resting spent in this place as a percentage of non-inter-level travel turns spent in this place.
 E = Turns spent auto-exploring this place as a percentage of non-inter-level travel turns spent in this place.
 F = Non-inter-level travel turns spent in this place divided by the number of levels of this place that you've seen.
                   A       B       C       D       E      F
               +-------+-------+-------+-------+-------+----------------------
         Total | 100.0 | 100.0 |   0.0 |   3.9 |   6.1 | 181.0
       Dungeon | 100.0 | 100.0 |   0.0 |   3.9 |   6.1 | 181.0
               +-------+-------+-------+-------+-------+----------------------

Table legend:
 A = Kills in this place as a percentage of kills in entire the game.
 B = Kills by you in this place as a percentage of kills by you in the entire game.
 C = Kills by friends in this place as a percentage of kills by friends in the entire game.
 D = Other kills in this place as a percentage of other kills in the entire game.
 E = Experience gained in this place as a percentage of experience gained in the entire game.
 F = Experience gained in this place divided by the number of levels of this place that you have seen.
                   A       B       C       D       E      F
               +-------+-------+-------+-------+-------+----------------------
         Total | 100.0 | 100.0 |  -nan |  -nan | 100.0 |  22.0
       Dungeon | 100.0 | 100.0 |  -nan |  -nan | 100.0 |  22.0
               +-------+-------+-------+-------+-------+----------------------

Vanquished Creatures
  An ooze (D:1)
  2 goblins (D:1)
  A hobgoblin (D:1)
  3 kobolds (D:1)
  A giant gecko (D:1)
  3 rats (D:1)
11 creatures vanquished.
